 Dungeon Crawl Stone Soup version 0.31.0-1-g2c135a0 (webtiles) character file.

Game seed: 14000052414253221213

1390 kaikaun the Slicer (level 9, -6/48 HPs)
             Began as a Kobold Brigand on Mar 4, 2024.
             Was a Follower of Uskayaw.
             Mangled by a +1 war axe of chaos (13 damage)
             ... on level 6 of the Dungeon.
             The game lasted 00:10:46 (4748 turns).

kaikaun the Slicer (Kobold Brigand)                 Turns: 4748, Time: 00:10:46

Health: -6/48      AC:  5    Str:  8    XL:     9   Next: 0%
Magic:  8/12       EV: 19    Int: 12    God:    Uskayaw [*.....]
Gold:   374        SH:  0    Dex: 21    Spells: 8/8 levels left

rFire   . . .        a - +3 dagger
rCold   . . .        (no shield)
rNeg    . . .        s - +0 robe
rPois   .            (no helmet)
rElec   .            c - +0 cloak
rCorr   .            C - +1 pair of gloves
SInv    .            (no boots)
Will    .....        (no amulet)
Stlth   ++++++       u - +5 ring of evasion
HPRegen 0.28/turn    (no ring)
MPRegen 0.13/turn

%: no passive effects
@: no status effects
A: small, no large weapons, nightstalker 3
a: Renounce Religion, Stomp


You were on level 6 of the Dungeon.
You worshipped Uskayaw.
Uskayaw was noncommittal.
You visited 1 branch of the dungeon, and saw 6 of its levels.

You collected 374 gold pieces.

Inventory:

Hand Weapons
 a - a +3 dagger (weapon)
 b - a +2 short sword of protection
 l - a +2 dagger
 w - the +1 dagger "Nashras" {venom, rCorr}
   (You found it on level 2 of the Dungeon)

   rCorr:     It protects you from acid and corrosion.
Missiles
 d - 23 poisoned darts (quivered)
 e - 3 curare-tipped darts
Armour
 c - a +0 cloak (worn)
 s - a +0 robe (worn)
 C - a +1 pair of gloves (worn)
 E - a +1 ring mail of cold resistance
Jewellery
 n - a ring of wizardry
 u - a +5 ring of evasion (left hand)
 K - a ring of fire
Talismans
 k - a beast talisman
Wands
 D - a wand of flame (21)
 G - a wand of mindburst (8)
 L - a wand of acid (3)
Scrolls
 f - a scroll of noise {unknown}
 g - a scroll of silence {unknown}
 m - a scroll of blinking {unknown}
 o - 2 scrolls of vulnerability
 p - 3 scrolls of teleportation
 q - a scroll of amnesia {unknown}
 r - a scroll of fog {unknown}
 v - a scroll of summoning {unknown}
 x - a scroll of fear {unknown}
 y - a scroll of acquirement {unknown}
 z - a scroll of immolation {unknown}
 M - a scroll of poison {unknown}
Potions
 h - 2 potions of invisibility
 i - a potion of enlightenment
 j - a potion of haste
 A - 2 potions of mutation {unknown}
 B - a potion of might {unknown}
 F - a potion of resistance
 H - 2 potions of lignification {unknown}
 I - a potion of curing {unknown}
 J - a potion of heal wounds {unknown}


   Skills:
 + Level 2.1 Fighting
 - Level 10.0 Short Blades
 - Level 2.1 Throwing
 + Level 1.2 Dodging
 + Level 9.4 Stealth
 * Level 5.1 Invocations
 + Level 0.0 Evocations


You had 8 spell levels left.
You didn't know any spells.
Your spell library contained the following spells:

 Spells                   Type           Power      Damage    Failure   Level
 Slow                     Hex            0%         N/A       32%         1
 Ensorcelled Hibernation  Hex/Ice        0%         N/A       45%         2
 Confusing Touch          Hex            0%         N/A       69%         3
 Passwall                 Erth           0%         N/A       69%         3
 Sigil of Binding         Hex            0%         N/A       69%         3
 Swiftness                Air            0%         N/A       69%         3
 Vampiric Draining        Necr           0%         2d6       69%         3
 Cause Fear               Hex            0%         N/A       97%         4
 Fireball                 Conj/Fire      0%         3d3       100%        5
 Dragon's Call            Summ           0%         N/A       100%        9


Dungeon Overview and Level Annotations

Branches:
Dungeon (6/15)
 Temple: D:4-7

Altars:
Ashenzari
Makhleb
Ru
Uskayaw
Wu Jian
Xom

Portals:
Abyss: D:4

Annotations:
D:1 dig
D:4 2 transporters, kaikaun's ghost, novice KoBr
D:6 samurai2's ghost, novice MiFi


Innate Abilities, Weirdness & Mutations

You are small and have problems with some larger weapons.
You are completely attuned to the shadows.


Message History

Press: ? - help, Shift-Dir - straight line, f - +1 war axe of chaos
Aim: a +1 war axe of chaos (43% to hit)
The bolt of acid hits samurai2's ghost!
The acid corrodes samurai2's ghost!
Samurai2's ghost is lightly damaged.
The bolt of acid misses the +1 war axe of chaos.
Samurai2's ghost says, "Try not to bleed too much."
Samurai2's ghost barely misses you.
Aiming: Mindburst
Press: ? - help, Shift-Dir - straight line, f - samurai2's ghost, p - +1 war axe of chaos
Aim: samurai2's ghost (lightly damaged, covered in acid, chance to affect: 35%)
Okay, then.
You hit samurai2's ghost.
Samurai2's ghost is lightly damaged.
Samurai2's ghost misses you.
You hit samurai2's ghost.
Samurai2's ghost is lightly damaged.
You closely miss samurai2's ghost.
Samurai2's ghost is lightly damaged.
Samurai2's ghost hits you!
You hit samurai2's ghost.
Samurai2's ghost is moderately damaged.
Aiming: Corrosive Bolt
Press: ? - help, Shift-Dir - straight line, p - +1 war axe of chaos The bolt of acid hits samurai2's ghost!
Samurai2's ghost seems to be corroded for longer.
Samurai2's ghost is heavily damaged.
The bolt of acid hits the +1 war axe of chaos!
The +1 war axe of chaos is heavily damaged.
Samurai2's ghost barely misses you.
You can now pass through a line of other dancers.
Aiming: Line Pass
Press: ? - help, Dir - move target Samurai2's ghost appears confused.
The +1 war axe of chaos appears confused.
You can no longer pass through a line of other dancers.
The +1 war axe of chaos hits you!!
* * * LOW HITPOINT WARNING * * *
Samurai2's ghost hits the +1 war axe of chaos but does no damage.
The +1 war axe of chaos hits you!
You die...

#####..†.....#.#
#.##...
#.#......#.#.##
###..####
#<....#.#..#..##
#.....#
#####.#.#.##...###
#.....#
...#.#....#.....#
#.....#
#.#.#....#.....#
#.....###
#........###W###
#.......#
#####..[.....##.(:#
#....##.#
#............###@##
#....##.#
#............# ###
#######.#
.........##### #..
#........# ###
.........# #
...#.....


You could see a +1 war axe of chaos (confused) and samurai2's ghost (confused,
corroded).

Vanquished Creatures
  2 water moccasins
  A black bear (D:5)
  3 ogres
  2 centaurs
  A scorpion (D:5)
  6 killer bees (D:4)
  A bombardier beetle (D:6)
  An orc priest (D:5)
  A hound (D:5)
  A jelly (D:5)
  An iguana (D:4)
  A sleepcap (D:6)
  Ijyb (D:3)
  Natasha (D:3)
  2 adders (D:5)
  4 ufetubi (D:6)
  2 dart slugs
  6 orcs
  11 bats
  8 endoplasms
  4 giant cockroaches
  6 goblins
  4 hobgoblins
  3 jackals (D:3)
  19 kobolds
  5 quokkas
  5 ball pythons
  4 rats
106 creatures vanquished.

Notes
Turn   | Place    | Note
-------+----------+-------------------------------------------
     0 | D:1      | kaikaun the Kobold Brigand began the quest for the Orb.
     0 | D:1      | Reached XP level 1. HP: 12/12 MP: 1/1
    80 | D:1      | Reached skill level 3 in Short Blades
   131 | D:1      | Reached XP level 2. HP: 17/17 MP: 2/2
  1019 | D:2      | Reached XP level 3. HP: 21/21 MP: 3/3
  1040 | D:2      | Identified the +1 dagger "Nashras" {venom, rCorr}
  1119 | D:2      | Reached skill level 4 in Short Blades
  1789 | D:3      | Reached XP level 4. HP: 26/26 MP: 4/4
  2033 | D:3      | Noticed Natasha
  2041 | D:3      | Killed Natasha
  2042 | D:3      | Reached skill level 5 in Short Blades
  2126 | D:3      | Found a hide-covered altar of Uskayaw.
  2131 | D:3      | Became a worshipper of Uskayaw the Reveller
  2210 | D:3      | Reached * piety under Uskayaw
  2373 | D:3      | Noticed Ijyb
  2377 | D:3      | Killed Ijyb
  2378 | D:3      | Reached XP level 5. HP: 30/30 MP: 5/5
  2416 | D:3      | Found a burning altar of Makhleb.
  2418 | D:3      | Found a sacrificial altar of Ru.
  2436 | D:3      | Found a faded altar of an unknown god.
  2573 | D:4      | Reached skill level 1 in Invocations
  2605 | D:4      | Noticed an ogre
  2609 | D:4      | Killed an ogre
  2609 | D:4      | Reached ** piety under Uskayaw
  2610 | D:4      | Reached skill level 6 in Short Blades
  2610 | D:4      | Reached XP level 6. HP: 35/35 MP: 5/7
  2644 | D:4      | Found a transporter.
  2752 | D:4      | Found a one-way gate to the infinite horrors of the Abyss.
  2752 | D:4      | Noticed kaikaun's ghost (novice KoBr)
  2762 | D:4      | Noticed a small abomination
  2812 | D:4      | Found a transporter.
  2944 | D:4      | HP: 2/52 [poisoned by a killer bee]
  2948 | D:4      | Reached *** piety under Uskayaw
  2949 | D:4      | HP: 1/52 [poisoned by a killer bee]
  2950 | D:4      | Reached skill level 7 in Short Blades
  2950 | D:4      | Reached **** piety under Uskayaw
  2951 | D:4      | Reached XP level 7. HP: 1/40 MP: 8/8
  2953 | D:4      | Reached ***** piety under Uskayaw
  3388 | D:4      | Noticed a toenail golem
  3557 | D:4      | Found a broken altar of Ashenzari.
  3589 | D:5      | Entered Level 5 of the Dungeon
  3591 | D:5      | Reached skill level 8 in Short Blades
  3668 | D:5      | Reached XP level 8. HP: 44/44 MP: 10/10
  3932 | D:5      | Found an ornate altar of the Wu Jian Council.
  3975 | D:5      | Reached skill level 9 in Short Blades
  4603 | D:6      | Reached skill level 10 in Short Blades
  4616 | D:6      | Reached skill level 5 in Invocations
  4641 | D:6      | Reached XP level 9. HP: 48/48 MP: 12/12
  4735 | D:6      | Found a runed translucent door.
  4736 | D:6      | Found a shimmering altar of Xom.
  4736 | D:6      | Noticed samurai2's ghost (novice MiFi)
  4737 | D:6      | Noticed a +1 war axe of chaos
  4748 | D:6      | Mangled by a +1 war axe of chaos

Illustrated notes

Levels and vault maps discovered:
D:1:      minmay_arrival_four_circles, layout_basic, item_on_display_a
D:2:      minmay_kobold_bridge, layout_basic
D:3:      layout_loops_ring, chequers_temple_overflow_statue_of_worship,
          eat_drink_and_be_merry_uskayaw, hellmonk_ecumenical_altar_crossroads,
          uniq_natasha, uniq_ijyb
D:4:      layout_loops_ring, mainiacjoe_overflow_alcove_4,
          gammafunk_ghost_abyssal_escape
D:5:      layout_loops_ring, nzn_wu_jian_contemplation
D:6:      layout_basic, mainiacjoe_overflow_brackets, ebering_ghost_xom,
          nicolae_houndstooth_variations

Skill      XL: |  1  2  3  4  5  6  7  8 |
---------------+-------------------------+-----
Short Blades   | 3 4 5 6 7 8 10 | 10.0
Stealth        | 6 7 8 9 |  9.4
Invocations    | 1 2 3 5 |  5.1
Fighting       | |  2.1
Throwing       | |  2.1
Dodging        | |  1.2

Action                     |  1- 3 |  4- 6 |  7- 9 || total
---------------------------+-------+-------+-------++-------
  Melee: Dagger            |    75 |    41 |    56 ||   172
         Short sword       |       |    12 |    12 ||    24
  Throw: Dart              |       |     1 |     6 ||     7
 Invoke: Line Pass         |       |       |     2 ||     2
  Evoke: Wand              |       |       |     3 ||     3
    Use: Scroll            |     1 |     2 |     3 ||     6
         Potion            |       |     4 |       ||     4
   Stab: Sleeping          |    23 |    18 |    22 ||    63
         Paralysed         |       |     2 |     1 ||     3
         Distracted        |       |       |     1 ||     1
 Armour: Robe              |    17 |    11 |    13 ||    41
  Dodge: Dodged            |    27 |    26 |    32 ||    85
